PL
PANAMA CITY PIRANHAS @ NORTHERN VIRGINIA RETRIEVERS
10/03/2025
 
TOP OF THE 1ST
Panama City Piranhas batting - Pitching for Northern Virginia Retrievers : RHP Ángel Navarro
Pitching: RHP Ángel Navarro
Batting: RHB Tim Barnes 0-0: Ball
1-0: SINGLE (Line Drive, 5D)
Batting: LHB Herman Hayes 0-0: Foul Ball, location: 2F
0-1: Grounds into double play, 4-6-3 (Groundball, 34)
Batting: RHB Armando Alvarado 0-0: Fly out, F4 (Popup, 34)
Top of the 1st over - 0 run(s), 1 hit(s), 0 error(s), 0 left on base; Panama City 0 - Northern Virginia 0
BOTTOM OF THE 1ST
Northern Virginia Retrievers batting - Pitching for Panama City Piranhas : LHP Wayne Craig
Pitching: LHP Wayne Craig
Batting: RHB Luis Rodríguez 0-0: Foul Ball, location: 2F
0-1: Ball
1-1: Ball
2-1: SINGLE (Groundball, 56S) (infield hit)
Batting: RHB Brett Callison 0-0: Called Strike
0-1: Ball
1-1: Called Strike
1-2: Ball
2-2: Ball
3-2: Base on Balls
Luis Rodríguez to second
Batting: RHB Shohei Kiyomizu 0-0: Foul Ball, location: 2F
0-1: Ball
1-1: Foul Ball, location: 2F
1-2: Fly out, F7 (Flyball, 78M)
Batting: RHB Ju-chan Pak 0-0: TRIPLE (Flyball, 8LXD)
Luis Rodríguez scores
Brett Callison scores
Batting: LHB Roberto Sánchez 0-0: Called Strike
0-1: Called Strike
0-2: Foul Ball, location: 2F
0-2: Foul Ball, location: 2F
0-2: Strikes out swinging
Batting: RHB Mike Lyon 0-0: Swinging Strike
0-1: Ball
1-1: Swinging Strike
1-2: Strikes out swinging, 2-3 out at first.
Bottom of the 1st over - 2 run(s), 2 hit(s), 0 error(s), 1 left on base; Panama City 0 - Northern Virginia 2
TOP OF THE 2ND
Panama City Piranhas batting - Pitching for Northern Virginia Retrievers : RHP Ángel Navarro
Batting: LHB Francisco Sánchez 0-0: Called Strike
0-1: Ball
1-1: Called Strike
1-2: Ground out U3 (Groundball, 34S)
Batting: RHB Baldomero Avino 0-0: Ball
1-0: Fly out, F8 (Flyball, 8LM)
Batting: LHB Sergio Muñóz 0-0: Fly out, F7 (Flyball, 7LSF)
Top of the 2nd over - 0 run(s), 0 hit(s), 0 error(s), 0 left on base; Panama City 0 - Northern Virginia 2
BOTTOM OF THE 2ND
Northern Virginia Retrievers batting - Pitching for Panama City Piranhas : LHP Wayne Craig
Batting: RHB Gil Moore 0-0: Ball
1-0: Ball
2-0: Ground out 4-3 (Groundball, 4M)
Batting: RHB Bob Heller 0-0: Ground out 6-3 (Groundball, 6)
Batting: RHB Joaquín Parra 0-0: SINGLE (Line Drive, 6D)
Batting: RHB Luis Rodríguez 0-0: Ball
1-0: Ground out U3 (Groundball, 34)
Bottom of the 2nd over - 0 run(s), 1 hit(s), 0 error(s), 1 left on base; Panama City 0 - Northern Virginia 2
TOP OF THE 3RD
Panama City Piranhas batting - Pitching for Northern Virginia Retrievers : RHP Ángel Navarro
Batting: RHB Juan Jose Ayala 0-0: Called Strike
0-1: Ball
1-1: Swinging Strike
1-2: Strikes out swinging
Batting: SHB Marc Talamante 0-0: Ball
1-0: Called Strike
1-1: Ground out 1-3 (Groundball, 13)
Batting: LHB Steve Cunningham 0-0: Ball
1-0: Fly out, F8 (Flyball, 8RXD)
Top of the 3rd over - 0 run(s), 0 hit(s), 0 error(s), 0 left on base; Panama City 0 - Northern Virginia 2
BOTTOM OF THE 3RD
Northern Virginia Retrievers batting - Pitching for Panama City Piranhas : LHP Wayne Craig
Batting: RHB Brett Callison 0-0: Ball
1-0: Foul Ball, location: 2F
1-1: Fly out, F3 (Line Drive, 3S)
Batting: RHB Shohei Kiyomizu 0-0: Ball
1-0: Called Strike
1-1: Ball
2-1: Ball
3-1: Foul Ball, location: 2F
3-2: Strikes out swinging
Batting: RHB Ju-chan Pak 0-0: Ball
1-0: Called Strike
1-1: Called Strike
1-2: Foul Ball, location: 2F
1-2: Strikes out swinging
Bottom of the 3rd over - 0 run(s), 0 hit(s), 0 error(s), 0 left on base; Panama City 0 - Northern Virginia 2
TOP OF THE 4TH
Panama City Piranhas batting - Pitching for Northern Virginia Retrievers : RHP Ángel Navarro
Batting: RHB Tim Barnes 0-0: Ball
1-0: Swinging Strike
1-1: Swinging Strike
1-2: Ball
2-2: Ball
3-2: Ground out 4-3 (Groundball, 4)
Batting: LHB Herman Hayes 0-0: Called Strike
0-1: Foul Ball, location: 2F
0-2: Ball
1-2: Foul Ball, location: 2F
1-2: Ball
2-2: SINGLE (Line Drive, 34D)
Batting: RHB Armando Alvarado Balk!
Herman Hayes to second
0-0: Swinging Strike
0-1: Ball
1-1: Swinging Strike
1-2: Foul Ball, location: 2F
1-2: Ball
2-2: Strikes out looking
Batting: LHB Francisco Sánchez 0-0: Ball
1-0: Ball
2-0: Ball
3-0: Called Strike
3-1: Ground out U3 (Groundball, 3)
Top of the 4th over - 0 run(s), 1 hit(s), 0 error(s), 1 left on base; Panama City 0 - Northern Virginia 2
BOTTOM OF THE 4TH
Northern Virginia Retrievers batting - Pitching for Panama City Piranhas : LHP Wayne Craig
Batting: LHB Roberto Sánchez 0-0: Foul Ball, location: 2F
0-1: Ball
1-1: Called Strike
1-2: Strikes out swinging
Batting: RHB Mike Lyon 0-0: Called Strike
0-1: Ground out 5-3 (Groundball, 5L)
Batting: RHB Gil Moore 0-0: Ground out 6-3 (Groundball, 6D)
Bottom of the 4th over - 0 run(s), 0 hit(s), 0 error(s), 0 left on base; Panama City 0 - Northern Virginia 2
TOP OF THE 5TH
Panama City Piranhas batting - Pitching for Northern Virginia Retrievers : RHP Ángel Navarro
Batting: RHB Baldomero Avino 0-0: Called Strike
0-1: Ball
1-1: Ball
2-1: Ball
3-1: Ground out 5-3 (Groundball, 56S)
Batting: LHB Sergio Muñóz 0-0: Ball
1-0: Swinging Strike
1-1: Ball
2-1: Foul Ball, location: 2F
2-2: Foul Ball, location: 2F
2-2: Ball
3-2: Base on Balls
Batting: RHB Juan Jose Ayala 0-0: Grounds into double play, 4-6-3 (Groundball, 4)
Top of the 5th over - 0 run(s), 0 hit(s), 0 error(s), 0 left on base; Panama City 0 - Northern Virginia 2
BOTTOM OF THE 5TH
Northern Virginia Retrievers batting - Pitching for Panama City Piranhas : LHP Wayne Craig
Batting: RHB Bob Heller 0-0: Swinging Strike
0-1: Swinging Strike
0-2: Strikes out swinging
Batting: RHB Joaquín Parra 0-0: Called Strike
0-1: Reached on error, E4 (Groundball, 4)
Batting: RHB Luis Rodríguez 0-0: Foul Ball, location: 2F
0-1: Foul Ball, location: 2F
0-2: Ball
1-2: Foul Ball, location: 2F
1-2: Ball
2-2: Ball
3-2: Ground out 5-3 (Groundball, 56S)
Joaquín Parra to second
Batting: RHB Brett Callison 0-0: Ball
1-0: Ball
2-0: Called Strike
2-1: Ball
3-1: Called Strike
3-2: Ground out 6-3 (Groundball, 56)
Bottom of the 5th over - 0 run(s), 0 hit(s), 1 error(s), 1 left on base; Panama City 0 - Northern Virginia 2
TOP OF THE 6TH
Panama City Piranhas batting - Pitching for Northern Virginia Retrievers : RHP Ángel Navarro
Batting: SHB Marc Talamante 0-0: Fly out, F7 (Flyball, 7S)
Batting: LHB Steve Cunningham 0-0: Ball
1-0: Foul Ball, location: 2F
1-1: Ground out U3 (Groundball, 3)
Batting: RHB Tim Barnes 0-0: Ball
1-0: Ground out 6-3 (Groundball, 6M)
Top of the 6th over - 0 run(s), 0 hit(s), 0 error(s), 0 left on base; Panama City 0 - Northern Virginia 2
BOTTOM OF THE 6TH
Northern Virginia Retrievers batting - Pitching for Panama City Piranhas : LHP Wayne Craig
Batting: RHB Shohei Kiyomizu 0-0: Ball
1-0: Ground out 5-3 (Groundball, 56)
Batting: RHB Ju-chan Pak 0-0: Ball
1-0: Ball
2-0: Called Strike
2-1: Ball
3-1: Swinging Strike
3-2: Strikes out swinging
Batting: LHB Roberto Sánchez 0-0: Ball
1-0: Swinging Strike
1-1: Ball
2-1: SINGLE (Line Drive, 34)
Batting: RHB Mike Lyon 0-0: Fielders Choice at 2nd, 6-4 (Groundball, 56)
Bottom of the 6th over - 0 run(s), 1 hit(s), 0 error(s), 0 left on base; Panama City 0 - Northern Virginia 2
TOP OF THE 7TH
Panama City Piranhas batting - Pitching for Northern Virginia Retrievers : RHP Ángel Navarro
Batting: LHB Herman Hayes 0-0: Ball
1-0: Foul Ball, location: 2F
1-1: Swinging Strike
1-2: Ball
2-2: Fly out, F9 (Flyball, 9S)
Batting: RHB Armando Alvarado 0-0: Called Strike
0-1: Fly out, F4 (Popup, 4D)
Batting: LHB Francisco Sánchez 0-0: Ball
1-0: Ball
2-0: Fly out, F7 (Flyball, 7S)
Top of the 7th over - 0 run(s), 0 hit(s), 0 error(s), 0 left on base; Panama City 0 - Northern Virginia 2
BOTTOM OF THE 7TH
Northern Virginia Retrievers batting - Pitching for Panama City Piranhas : LHP Wayne Craig
Batting: RHB Gil Moore 0-0: Ball
1-0: Ground out 4-3 (Groundball, 4D)
Batting: RHB Bob Heller 0-0: Ball
1-0: SINGLE (Groundball, 6D)
Batting: RHB Joaquín Parra 0-0: Ball
1-0: Fly out, F9 (Flyball, 9S)
Batting: RHB Luis Rodríguez 0-0: Swinging Strike
0-1: Called Strike
0-2: SINGLE (Flyball, 9LS)
Bob Heller to second
Runner from 2nd tries for 3rd, SAFE, no throw
Pitching: RHP Robinson Suárez
Pinch Runner at 3rd Munemori Ohara:
Pinch Hitting: LHB Francisco Ornelas 0-0: Ball
1-0: Foul Ball, location: 2F
1-1: Ball
2-1: Reached on error, E6 (Groundball, 6S)
Munemori Ohara scores
Luis Rodríguez to third
Batting: RHB Shohei Kiyomizu 0-0: Called Strike
0-1: Foul Ball, location: 2F
0-2: Ball
1-2: Strikes out swinging
Bottom of the 7th over - 1 run(s), 2 hit(s), 1 error(s), 2 left on base; Panama City 0 - Northern Virginia 3
TOP OF THE 8TH
Panama City Piranhas batting - Pitching for Northern Virginia Retrievers : RHP Ángel Navarro
Now at 2B: Munemori Ohara
Now at 3B: Gustavo Fuentes
Batting: RHB Baldomero Avino 0-0: Ball
1-0: Called Strike
1-1: Ball
2-1: Foul Ball, location: 2F
2-2: Strikes out swinging
Batting: LHB Sergio Muñóz 0-0: Foul Ball, location: 2F
0-1: Called Strike
0-2: Ball
1-2: Strikes out swinging
Batting: RHB Juan Jose Ayala 0-0: Ground out 5-3 (Groundball, 56S)
Top of the 8th over - 0 run(s), 0 hit(s), 0 error(s), 0 left on base; Panama City 0 - Northern Virginia 3
BOTTOM OF THE 8TH
Northern Virginia Retrievers batting - Pitching for Panama City Piranhas : RHP Robinson Suárez
Batting: RHB Ju-chan Pak 0-0: Ball
1-0: Ball
2-0: Foul Ball, location: 2F
2-1: Fly out, F9 (Flyball, 9S)
Batting: LHB Roberto Sánchez 0-0: Ball
1-0: Swinging Strike
1-1: Ball
2-1: Ball
3-1: Foul Ball, location: 2F
3-2: Foul Ball, location: 2F
3-2: Foul Ball, location: 2F
3-2: Foul Ball, location: 2F
3-2: Strikes out swinging
Batting: RHB Mike Lyon 0-0: Ball
1-0: Ball
2-0: Swinging Strike
2-1: SOLO HOME RUN (Flyball, 8LXD), Distance : 445 ft
Batting: RHB Gil Moore 0-0: Ball
1-0: Ball
2-0: Fly out, F8 (Flyball, 8RD)
Bottom of the 8th over - 1 run(s), 1 hit(s), 0 error(s), 0 left on base; Panama City 0 - Northern Virginia 4
TOP OF THE 9TH
Panama City Piranhas batting - Pitching for Northern Virginia Retrievers : RHP Ángel Navarro
Batting: SHB Marc Talamante 0-0: Ball
1-0: Foul Ball, location: 2F
1-1: Ground out U3 (Groundball, 3)
Batting: LHB Steve Cunningham 0-0: Called Strike
0-1: Called Strike
0-2: Strikes out swinging
Batting: RHB Tim Barnes 0-0: Called Strike
0-1: Ground out 5-3 (Groundball, 5)
Top of the 9th over - 0 run(s), 0 hit(s), 0 error(s), 0 left on base; Panama City 0 - Northern Virginia 4
Friday, December 30th, 2016 - OOTP Baseball 17.12 Build 75